 Dungeon Crawl Stone Soup version 0.23.2-1-ga50397a6bc (webtiles) character file.

Game seed: 8163203986189141075

123 Huj the Skirmisher (level 4, -15/40 HPs)
             Began as a Draconian Berserker on Apr 23, 2019.
             Was a Believer of Trog.
             Demolished by an ogre
             ... wielding a +0 giant spiked club
              (31 damage)
             ... on level 3 of the Dungeon.
             The game lasted 00:10:35 (1395 turns).

Huj the Skirmisher (Draconian Berserker)            Turns: 1395, Time: 00:10:36

Health: -15/40     AC:  5    Str: 20    XL:     4   Next: 80%
Magic:  4/4        EV: 13    Int:  8    God:    Trog [**....]
Gold:   38         SH:  0    Dex: 10    Spells: 3/3 levels left

rFire    . . .     SeeInvis .   a - +0 spear
rCold    . . .     Gourm    .   (no shield)
rNeg     . . .     Faith    .   (armour unavailable)
rPois    .         Spirit   .   (helmet restricted)
rElec    .         Reflect  .   (no cloak)
rCorr    .         Harm     .   (no gloves)
MR       .....                  (no boots)
Stlth    +.........             (no amulet)
HPRegen  0.13/turn              (no ring)
MPRegen  0.09/turn              (no ring)

@: no status effects
A: unfitting armour, cold-blooded, AC +5
a: Berserk, Trog's Hand, Renounce Religion


You were on level 3 of the Dungeon.
You worshipped Trog.
Trog was pleased with you.
You were not hungry.

You visited 1 branch of the dungeon, and saw 4 of its levels.

You collected 38 gold pieces.

Inventory:

Hand Weapons
 a - a +0 spear (weapon)
 d - a +0 dagger
 e - a +0 short sword
Missiles
 i - 15 stones (quivered)
Armour
 l - a cursed +0 shield
Jewellery
 f - an uncursed ring of positive energy {unknown}
Scrolls
 c - a scroll of teleportation {unknown}
 g - a scroll of enchant weapon {unknown}
 h - a scroll of enchant armour {unknown}
 j - a scroll of identify {unknown}
 m - a scroll of amnesia {unknown}
Potions
 k - a potion of curing
 n - a potion of haste {unknown}
Comestibles
 b - 7 rations


   Skills:
 + Level 4.2 Fighting
 + Level 4.1 Polearms
 + Level 3.6 Dodging


You had 3 spell levels left.
You didn't know any spells.
Your spell library was empty.

Dungeon Overview and Level Annotations

Branches:
Dungeon (4/15)
 Temple: D:4-7

Altars:
Elyvilon
Fedhas
Gozag
Trog

Annotations:
D:4 Menkaure


Innate Abilities, Weirdness & Mutations

Your plain brown scales are hard. (AC +5)
You cannot fit into any form of body armour.
You are cold-blooded and may be slowed by cold attacks.


Message History

The kobold throws a stone.
The stone misses you.
The ogre hits you with a +0 giant spiked club.
The kobold throws a stone.
The stone barely misses you.
You hit the ogre.
The ogre is lightly wounded.
The kobold throws a stone.
The stone hits you but does no damage. The ogre closely misses you.
You hit the ogre.
The ogre is moderately wounded.
The kobold throws a stone.
The stone hits you.
You hit the ogre.
The ogre is heavily wounded.
The ogre barely misses you.
You hit the ogre.
Your tail-slap misses the ogre.
The ogre is heavily wounded.
You puncture the ogre!
The ogre is almost dead.
The ogre hits you with a +0 giant spiked club!!
Ouch! That really hurt!
You die...

#..# #..# #..#
#########..#
...........#######
#...........##...
......O###..##.#######
#._8_K@....(........#
...._...###......###.###
##......# ####.#.###....
#<..#### #.#.<......
....# #.######### ##.#
#.# ... #.. ## ###


You could see an ogre and a kobold.

Vanquished Creatures
  An ogre (D:4)
  An adder (D:3)
  A leopard gecko (D:1)
  2 ball pythons
  4 bats
  2 giant cockroaches (D:2)
  5 goblins
  3 hobgoblins
  4 frilled lizards
  5 kobolds
  5 rats
33 creatures vanquished.

Notes
Turn   | Place    | Note
-------+----------+-------------------------------------------
     0 | D:1      | Huj the Draconian Berserker began the quest for the Orb.
     0 | D:1      | Reached XP level 1. HP: 19/19 MP: 1/1
   251 | D:1      | Reached XP level 2. HP: 26/26 MP: 2/2
   814 | D:2      | Found a blossoming altar of Fedhas.
   828 | D:2      | Reached ** piety under Trog
   927 | D:2      | Reached XP level 3. HP: 32/33 MP: 3/3
  1349 | D:4      | Noticed an ogre
  1356 | D:4      | Killed an ogre
  1356 | D:4      | Reached XP level 4. HP: 29/40 MP: 4/4
  1358 | D:4      | Noticed Menkaure
  1385 | D:3      | Found a bloodstained altar of Trog.
  1386 | D:3      | Found an opulent altar of Gozag.
  1387 | D:3      | Found a white marble altar of Elyvilon.
  1389 | D:3      | Noticed an ogre
  1395 | D:3      | Demolished by an ogre

Skill      XL: |  1  2  3 |
---------------+----------+-----
Dodging        | 3 |  3.6
Fighting       | 4 |  4.2
Polearms       | 4 |  4.1

Action                   |  1- 3 |  4- 6 || total
-------------------------+-------+-------++-------
Melee: Spear             |   122 |     5 ||   127
       Tailslap          |    15 |       ||    15
  Use: Potion            |     2 |       ||     2
  Eat: Ration            |     1 |       ||     1
Armor: Skin              |    34 |     1 ||    35
Dodge: Dodged            |    96 |     5 ||   101
